 Dungeon Crawl Stone Soup version 0.31.0-9-g3a7656b989 (webtiles) character file.

Game seed: 13812238120123777525

114 qw the Ducker (level 4, -5/22 HPs)
             Began as a Spriggan Hunter on Feb 2, 2024.
             Slain by Terence
             ... wielding a +2 flail of protection
              (14 damage)
             ... on level 3 of the Dungeon.
             The game lasted 00:00:07 (2055 turns).

qw the Ducker (Spriggan Hunter)                     Turns: 2055, Time: 00:00:07

Health: -5/22      AC:  2    Str:  7    XL:     4   Next: 66%
Magic:  0/5        EV: 20    Int: 10    God:
Gold:   126        SH:  0    Dex: 20    Spells: 3/3 levels left

rFire   + . .        a - +0 shortbow
rCold   + . .        (shield currently unavailable)
rNeg    . . .        c - +0 robe
rPois   .            (helmet restricted)
rElec   .            d - scarf {rC+ rF+}
rCorr   .            (gloves unavailable)
SInv    +            (boots unavailable)
Will    .....        e - amulet of guardian spirit
Stlth   ++           (no ring)
HPRegen 0.23/turn    (no ring)
MPRegen 0.09/turn

%: guardian spirit
@: very quick
A: very small, no large weapons, unfitting armour, see invisible, speed 3
a: no special abilities


You were on level 3 of the Dungeon.
You visited 1 branch of the dungeon, and saw 3 of its levels.

You collected 126 gold pieces.


Innate Abilities, Weirdness & Mutations

You are very small and have problems with some larger weapons.
You are too small for most types of armour.
You have supernaturally acute eyesight. (SInv)
You cover ground extremely quickly. (Speed+++)


   Skills:
 + Level 1.6 Fighting
 - Level 5.0 Ranged Weapons
 - Level 5.1 Dodging
 - Level 1.5 Stealth


You had 3 spell levels left.
You didn't know any spells.
Your spell library was empty.

Inventory:

Hand Weapons
 a - a +0 shortbow (weapon)
Armour
 c - a +0 robe (worn)
 d - a scarf of resistance (worn)
Jewellery
 e - an amulet of guardian spirit (around neck)
Scrolls
 j - a scroll of teleportation
Potions
 g - a potion of curing
 i - a potion of brilliance {unknown}
 k - a potion of berserk rage {unknown}
 m - a potion of ambrosia {unknown}
 o - a potion of lignification {unknown}

Dungeon Overview and Level Annotations

Branches:
Dungeon (3/15)

Altars:
Sif Muna

Annotations:
D:3 Terence


Message History

You start resting.
HP restored.
You climb downwards.
There is a stone staircase leading up here.
You shoot an arrow. The arrow hits the dart slug.
The dart slug is moderately wounded.
You shoot an arrow. The arrow hits the dart slug!
You kill the dart slug!
You see here an adder corpse.
Terence the Incautious comes into view.
He is wielding a +2 flail of protection.
Found 12 gold pieces.
Terence shouts!
You shoot an arrow.
The arrow hits Terence but does no damage.
You shoot an arrow. The arrow closely misses Terence.
You shoot an arrow. The arrow hits Terence!
Terence is moderately wounded.
You shoot an arrow. The arrow closely misses Terence.
You shoot an arrow. The arrow hits Terence.
Terence is heavily wounded.
You shoot an arrow. The arrow hits Terence.
Terence is severely wounded.
Terence completely misses you.
You shoot an arrow. The arrow barely misses Terence.
Terence misses you.
You shoot an arrow.
The arrow hits Terence but does no damage.
Terence is severely wounded.
Terence hits you with a +2 flail of protection!
You shoot an arrow.
The arrow hits Terence but does no damage.
Terence is severely wounded.
Terence hits you with a +2 flail of protection!
You shoot an arrow.
The arrow hits Terence but does no damage.
Terence is severely wounded.
Terence hits you with a +2 flail of protection!
Ouch! That really hurt!
You die...
Terence says, "Rest in peace."

#..... #.
#.#####..#.# ...
....?..#.## .
....####.......#.#
..........<......#
##.............
#.............
#8+8..%.......
##.#..@.......
+..#..@.%.....
+..#.)..).....
##.#..........
8+8..........
............
....#........
............$.


You could see Terence.

Vanquished Creatures
  Natasha (D:2)
  Robin (D:2)
  An adder (D:3)
  A ribbon worm (D:2)
  2 dart slugs
  3 bats (D:1)
  8 endoplasms
  11 goblins
  6 hobgoblins
  8 kobolds
  3 quokkas
  3 ball pythons
  7 frilled lizards
  2 rats (D:2)
57 creatures vanquished.

Notes
Turn   | Place    | Note
-------+----------+-------------------------------------------
     0 | D:1      | qw the Spriggan Hunter began the quest for the Orb.
     0 | D:1      | Reached XP level 1. HP: 10/10 MP: 2/2
     0 | D:1      | 0 ||| qw: Version: 0.3-a-155-g5e7d8dd
     0 | D:1      | 0 ||| qw: Game counter: 774
     0 | D:1      | 0 ||| qw: Melee chars always use a shield: true
     0 | D:1      | 0 ||| qw: God list: Okawaru
     0 | D:1      | 0 ||| qw: Allow faded altars: false
     0 | D:1      | 0 ||| qw: Do Orc after clearing Dungeon:15 true
     0 | D:1      | 0 ||| qw: Do second Lair branch before Depths: true
     0 | D:1      | 0 ||| qw: Lair rune preference: random
     0 | D:1      | 0 ||| qw: Goals: Normal
     0 | D:1      | 0 ||| PLANNING D:1-11
    50 | D:1      | Reached skill level 3 in Dodging
   124 | D:1      | Reached XP level 2. HP: 4/14 MP: 3/3
   726 | D:1      | Reached XP level 3. HP: 17/18 MP: 4/4
  1108 | D:1      | 1108 ||| UPGRADING to scarf of resistance.
  1113 | D:1      | 1113 ||| DROPPING ring of flight.
  1114 | D:1      | 1114 ||| READING scroll labelled MORALU QYID.
  1115 | D:1      | 1115 ||| READING 2 scrolls labelled LIVUDGH QIATO.
  1119 | D:1      | 1119 ||| READING scroll labelled LEOLED BUESH.
  1119 | D:1      | 1119 ||| IDENTIFYING cyan potion
  1120 | D:1      | 1120 ||| READING scroll labelled LOSHRI USHU.
  1121 | D:1      | 1121 ||| DRINKING 2 bubbling white potions.
  1122 | D:1      | 1122 ||| DROPPING scroll of butterflies.
  1123 | D:1      | 1123 ||| DROPPING potion of degeneration.
  1320 | D:2      | Found a faded altar of an unknown god.
  1498 | D:2      | Noticed Robin
  1504 | D:2      | Killed Robin
  1519 | D:2      | Reached XP level 4. HP: 22/22 MP: 5/5
  1605 | D:2      | Found a shimmering blue altar of Sif Muna.
  1613 | D:2      | Noticed Natasha
  1621 | D:2      | Killed Natasha
  1863 | D:2      | 1863 ||| UPGRADING to amulet of guardian spirit.
  1868 | D:2      | 1868 ||| READING scroll labelled ZAIBOQUXUV.
  1870 | D:2      | 1870 ||| Stepping ~*~*~tactically~*~*~ (cloud).
  1871 | D:2      | 1871 ||| DRINKING 2 potions of curing.
  1871 | D:2      | 1871 ||| (to cure poison)
  1873 | D:2      | 1873 ||| Stepping ~*~*~tactically~*~*~ (cloud).
  1981 | D:3      | 1981 ||| FLEEEEING.
  1982 | D:3      | 1982 ||| FLEEEEING.
  1983 | D:3      | 1983 ||| FLEEEEING.
  1984 | D:3      | 1984 ||| STAIRDANCE
  2043 | D:3      | Noticed Terence
  2055 | D:3      | Slain by Terence

Levels and vault maps discovered:
D:1:      amcnicky_arrival_feature_with_door, layout_basic,
          minmay_misc_feat_cross, minmay_fountain_box
D:2:      layout_basic, hellmonk_ecumenical_altar_inner_sanctum, basic_altar,
          corexii_item_surrounded_by_moat, uniq_natasha, uniq_robin
D:3:      layout_rooms, jmf_multi_god_temple2, dk_xom_monty_hall, uniq_terence

Skill      XL: |  1  2  3  4 |
---------------+-------------+-----
Dodging        | 3 4 5 |  5.1
Ranged Weapons | 5 |  5.0
Fighting       | |  1.6
Stealth        | |  1.5

Action                     |  1- 3 |  4- 6 || total
---------------------------+-------+-------++-------
   Fire: Shortbow          |   119 |    40 ||   159
    Use: Scroll            |     4 |     1 ||     5
         Potion            |     1 |     1 ||     2
 Armour: Robe              |     7 |     9 ||    16
  Dodge: Dodged            |    35 |     9 ||    44

Table legend:
 A = Non-vault XP
 B = Vault XP
 C = Vault XP percentage of total XP
 D = Non-vault monster count
 E = Vault monster count
 F = Vault count percentage of total count
                 A         B        C        D         E       F
            +---------+---------+-------+---------+---------+-------
      Total |      98 |      65 |  39.9 |      48 |       9 |  15.8
            +---------+---------+-------+---------+---------+-------
        D:1 |      48 |       0 |   0.0 |      27 |       0 |   0.0
        D:2 |      31 |      65 |  67.7 |      17 |       9 |  34.6
        D:3 |      19 |       0 |   0.0 |       4 |       0 |   0.0
            +---------+---------+-------+---------+---------+-------
